 Dungeon Crawl Stone Soup version 0.22.0-76-g6cd1571672 (webtiles) character file.

643 ICC the Magician (level 7, -8/54 HPs)
             Began as a Formicid Earth Elementalist on Sept 15, 2018.
             Splashed by Pikel's acid (13 damage)
             ... on level 4 of the Dungeon.
             The game lasted 00:30:36 (5368 turns).

ICC the Magician (Formicid Earth Elementalist)      Turns: 5368, Time: 00:30:37

Health: -8/54      AC:  3    Str: 18    XL:     7   Next: 81%
Magic:  6/15       EV: 18    Int: 14    God:
Gold:   131        SH:  0    Dex: 18    Spells: 2/17 levels left

rFire    + . .     SeeInvis +   s - +0 hunting sling
rCold    + . .     Gourm    .   (no shield)
rNeg     . . .     Faith    .   t - +1 robe {MR+}
rPois    .         Spirit   .   (helmet unavailable)
rElec    .         Reflect  .   (no cloak)
rCorr    .         Harm     .   (no gloves)
MR       +....                  (no boots)
Stlth    ++++......             (no amulet)
HPRegen  0.18/turn              m - ring of protection from fire
MPRegen  0.14/turn              p - ring of wizardry

@: mighty, agile
A: permanent stasis, dig shafts and tunnels, four strong arms, antennae 3, cold
resistance 1, evolution 1
a: Dig, Shaft Self


You were on level 4 of the Dungeon.
You were hungry.

You visited 1 branch of the dungeon, and saw 4 of its levels.

You collected 131 gold pieces.

Inventory:

Hand Weapons
 a - a +0 dagger
 s - a +0 hunting sling (weapon)
 w - a +0 spear
Missiles
 b - 148 stones
 j - 31 arrows
 n - 5 javelins
 v - 7 sling bullets (quivered)
Armour
 t - a +1 robe of magic resistance (worn)
 A - a +0 leather armour of positive energy
 C - a +0 buckler
Jewellery
 m - a ring of protection from fire (left hand)
 p - a ring of wizardry (right hand)
Wands
 B - a wand of paralysis (9)
Scrolls
 c - a scroll of enchant weapon {unknown}
 f - a scroll of enchant armour {unknown}
 g - 2 scrolls of immolation {unknown}
 h - a scroll of noise {unknown}
 k - 2 scrolls of identify {unknown}
 x - 2 scrolls of magic mapping {unknown}
 y - a scroll of random uselessness {unknown}
Potions
 e - 3 potions of mutation
 i - a potion of might
 l - 2 potions of agility
 o - a potion of heal wounds {unknown}
 q - a potion of degeneration {unknown}
 u - a potion of curing
 z - 2 potions of berserk rage {unknown}
Comestibles
 d - 7 rations


   Skills:
 - Level 4.0 Fighting
 - Level 2.0 Dodging
 - Level 3.0 Stealth
 + Level 0.0 Shields
 - Level 5.5 Spellcasting
 - Level 2.0 Conjurations
 - Level 2.0 Transmutations
 - Level 5.1 Earth Magic


You had 2 spell levels left.
You knew the following spells:

 Your Spells              Type           Power        Failure   Level  Hunger
a - Sandblast             Erth           ###...       1%          1    None
b - Passwall              Tmut/Erth      ##......     2%          2    ##.....
c - Stone Arrow           Conj/Erth      ##....       4%          3    ###....
d - Petrify               Tmut/Erth      ##......     16%         4    ####...
e - Lee's Rapid Deconstr  Erth           ###.......   22%         5    ######.

Your spell library contained the following spells:

 Spells                   Type           Power        Failure   Level  Hunger


Dungeon Overview and Level Annotations

Branches:
Dungeon (4/15)
 Temple: D:4-7

Altars:
Ashenzari
Gozag
Trog

Annotations:
D:4 Pikel


Innate Abilities, Weirdness & Mutations

You cannot be hasted, slowed, berserked, paralysed or teleported.
You can dig through walls and to a lower floor.
Your four strong arms can wield two-handed weapons with a shield.
You have a pair of large antennae on your head. (SInv)
Your flesh is cold resistant. (rC+)
You evolve.


Message History

The stone arrow misses Pikel.
Casting: Stone Arrow (safe; 4% risk of failure)
Confirm with . or Enter, or press ? or * to list all spells.
Aiming: Stone Arrow (safe; 4% risk of failure)
Press: ? - help, Shift-Dir - straight line, f/p - Pikel
Aim: Pikel, wielding a whip of freezing, wearing a robe and carrying a wand of The stone arrow hits Pikel.
Pikel is moderately wounded.
Pikel zaps a wand.
The bolt of acid misses you.
Casting: Stone Arrow (safe; 4% risk of failure)
Confirm with . or Enter, or press ? or * to list all spells.
Aiming: Stone Arrow (safe; 4% risk of failure)
Press: ? - help, Shift-Dir - straight line, f/p - Pikel
Aim: Pikel, wielding a whip of freezing, wearing a robe and carrying a wand of The stone arrow hits Pikel.
Pikel is moderately wounded.
Pikel zaps a wand.
The bolt of acid hits you!
* * * LOW HITPOINT WARNING * * *
You are splashed with acid!
The acid burns!
You die...

...>.....#.....#.........
##########.....#.........
##.....##.....#.........
#.............#.........
#......########...######
#......##...###...##...#
##.....##...............
##.....##p..............
#......@Kp.............#
#......##p..####'###...#
#......##+#####.).##{{.#
#...............[.....{p
#..<.........).........{
#....>.................#
#......................#
##...###########..##...#
#...# #..##...#


You could see Pikel and 3 slaves.

Vanquished Creatures
  Sigmund (D:3)
  A slave (D:3)
  2 scorpions (D:4)
  3 orc priests
  Terence (D:3)
  A worker ant (D:4)
  A hound skeleton (D:4)
  3 gnolls (D:3)
  9 adders
  An adder skeleton (D:4)
  6 worms
  4 dart slugs
  6 leopard geckos
  6 orcs
  2 ball pythons
  9 giant cockroaches
  9 goblins
  13 hobgoblins
  9 kobolds
  2 quokkas
  6 bats
  4 frilled lizards
  3 rats
102 creatures vanquished.

Notes
Turn   | Place    | Note
-------+----------+-------------------------------------------
     0 | D:1      | ICC the Formicid Earth Elementalist began the quest for the
                  | Orb.
     0 | D:1      | Reached XP level 1. HP: 13/13 MP: 3/3
   187 | D:1      | Reached XP level 2. HP: 5/19 MP: 3/5
   503 | D:1      | Learned a level 2 spell: Passwall
  1159 | D:1      | Reached XP level 3. HP: 21/24 MP: 6/6
  1637 | D:2      | Learned a level 3 spell: Stone Arrow
  1883 | D:2      | Reached skill level 1 in Conjurations
  2054 | D:2      | Reached XP level 4. HP: 24/30 MP: 5/7
  2574 | D:2      | Found a shattered altar of Ashenzari.
  2839 | D:3      | Noticed Terence
  2848 | D:3      | Killed Terence
  2848 | D:3      | Reached XP level 5. HP: 23/35 MP: 1/9
  3036 | D:3      | Found an opulent altar of Gozag.
  3055 | D:3      | Reached skill level 5 in Earth Magic
  3103 | D:3      | Noticed Sigmund
  3126 | D:3      | Killed Sigmund
  3126 | D:3      | Reached XP level 6. HP: 18/48 MP: 0/10
  3524 | D:3      | Reached XP level 7. HP: 54/54 MP: 1/12
  4421 | D:4      | Learned a level 4 spell: Petrify
  4446 | D:4      | Learned a level 5 spell: Lee's Rapid Deconstruction
  4635 | D:4      | Reached skill level 5 in Spellcasting
  4838 | D:4      | Found a bloodstained altar of Trog.
  5057 | D:4      | Noticed Pikel
  5358 | D:4      | Gained mutation: Your flesh is cold resistant. (rC+)
                  | [potion of mutation]
  5358 | D:4      | Gained mutation: You evolve. [potion of mutation]
  5368 | D:4      | Splashed by Pikel's acid

Skill      XL: |  1  2  3  4  5  6  7 |
---------------+----------------------+-----
Dodging        | 2 |  2.0
Stealth        | 3 |  3.0
Earth Magic    | 4 5 |  5.1
Transmutations | 2 |  2.0
Conjurations   | 1 2 |  2.0
Spellcasting   | 3 5 |  5.5
Fighting       | 4 |  4.0

Action                   |  1- 3 |  4- 6 |  7- 9 || total
-------------------------+-------+-------+-------++-------
Melee: Club              |    13 |       |       ||    13
       Unarmed           |     7 |       |       ||     7
       Short sword       |    53 |    17 |       ||    70
       Spear             |       |     8 |     6 ||    14
 Fire: Hunting sling     |       |    82 |    58 ||   140
Throw: Stone             |     1 |       |       ||     1
       Javelin           |       |     3 |       ||     3
 Cast: Sandblast         |    19 |     7 |     9 ||    35
       Stone Arrow       |       |    20 |    46 ||    66
 Abil: Dig               |       |     2 |     1 ||     3
  Use: Potion            |       |       |     4 ||     4
 Stab: Sleeping          |     5 |     1 |       ||     6
  Eat: Chunk             |     4 |     6 |    10 ||    20
Armor: Robe              |     7 |     6 |     9 ||    22
Dodge: Dodged            |    39 |    28 |    22 ||    89
